 Dungeon Crawl Stone Soup version 0.21.0 (webtiles) character file.

28 tidbits the Insei (level 3, -1/26 HPs)
             Began as a Barachi Transmuter on Jan 6, 2018.
             Slain by a leopard gecko (3 damage)
             ... on level 1 of the Dungeon.
             The game lasted 00:04:29 (674 turns).

tidbits the Insei (Barachi Transmuter)               Turns: 674, Time: 00:04:30

Health: -1/26      AC:  2    Str: 12    XL:     3   Next: 12%
Magic:  1/7        EV: 12    Int: 13    God:
Gold:   10         SH:  0    Dex: 12    Spells: 2/8 levels left

rFire    . . .     SeeInvis +   c - book of Changes
rCold    . . .     Gourm    .   (no shield)
rNeg     . . .     Faith    .   b - +0 robe
rPois    .         Spirit   .   (no helmet)
rElec    .         Reflect  .   (no cloak)
rCorr    .         Harm     .   (no gloves)
MR       .....                  (boots currently unavailable)
Stlth    +.........             (no amulet)
HPRegen  0.08/turn              I - ring of see invisible
MPRegen  0.10/turn              (no ring)

@: appendage, very slightly contaminated, slow
A: +LOS, swims, talons 3, slowness 1, strong legs 1
a: Hop, End Transformation


You were on level 1 of the Dungeon.
You were not hungry.
You had grown temporary talons.
You visited 1 branch of the dungeon, and saw 2 of its levels.

You collected 10 gold pieces.

Inventory:

Hand Weapons
 h - a +0 whip
 i - a +0 short sword
 j - a +0 dagger
Missiles
 a - 6 arrows
 g - 29 stones (quivered)
Armour
 b - a +0 robe (worn)
Jewellery
 I - a ring of see invisible (left hand)
   (You found it on level 1 of the Dungeon)
Books
 c - a book of Changes (in hand)

   Spells                             Type                      Level
   a - Beastly Appendage              Transmutation                1
   b - Sticks to Snakes               Transmutation                2
   c - Spider Form                    Transmutation/Poison         3
   d - Ice Form                       Ice/Transmutation            4
   e - Blade Hands                    Transmutation                5


   Skills:
 - Level 1.2 Fighting
 - Level 2.1 Dodging
 - Level 3.2 Unarmed Combat
 + Level 3.0 Spellcasting
 + Level 3.1 Transmutations


You had 2 spell levels left.
You knew the following spells:

 Your Spells              Type           Power        Failure   Level  Hunger
a - Beastly Appendage     Tmut           ##....       6%          1    #......
k - Sticks to Snakes      Tmut           ##......     10%         2    ###....
p - Spider Form           Tmut/Pois      #.........   34%         3    ###....


Dungeon Overview and Level Annotations

Branches:
Dungeon (2/15)

Altars:


Innate Abilities, Weirdness & Mutations

Shadows flee at your approach. (+LOS)
You can swim through water.
You cover ground slowly.
You can hop short distances.
You have claws for feet.


Message History

You kill the jackal!
You hit the jackal.
The jackal is almost dead.
The jackal closely misses you.
You barely miss the jackal. You claw the jackal, but do no damage.
The jackal is almost dead.
The jackal bites you.
* * * LOW HITPOINT WARNING * * *
The jackal bites you but does no damage.
You hit the jackal.
You kill the jackal!
Your transformation is almost over.
You closely miss the jackal. You claw the jackal.
You kill the jackal!
You have reached level 3!
Your experience leads to an increase in your attributes!
Your base attributes are Str 11, Int 13, Dex 12.
Increase (S)trength, (I)ntelligence, or (D)exterity?
You feel stronger.
Casting: Sticks to Snakes
Confirm with . or Enter, or press ? or * to list all spells.
You extend your transformation's duration.
The hobgoblin barely misses you.
You barely miss the hobgoblin. You claw the hobgoblin.
You kill the hobgoblin!
Your Spellcasting skill increases to level 3!
You hit the giant cockroach but do no damage.
You claw the giant cockroach.
The giant cockroach is severely wounded.
The giant cockroach bites you but does no damage.
You hit the giant cockroach. Your kick misses the giant cockroach.
The giant cockroach is almost dead.
The giant cockroach barely misses you.
You hit the giant cockroach.
You kill the giant cockroach!
Items here: ) †††† a club; a giant cockroach corpse; a hobgoblin corpse; a jackal corpse x2
You aren't carrying any potions.
Unknown command.
Memorise Spider Form, consuming 3 spell levels and leaving 2?
You start memorising the spell.
You continue memorising. x3
You finish memorising.
Spell assigned to 'p'.
Wield which item (- for none, * to show all)? (? for menu, Esc to quit)
c - a book of Changes (in hand)
You swing at nothing.
You swing at nothing.
You swing at nothing.
You swing at nothing.
You swing at nothing.
You swing at nothing.
You swing at nothing.
You swing at nothing.
You swing at nothing.
Wield which item (- for none, * to show all)? (? for menu, Esc to quit)
You are now empty-handed.
A leopard gecko comes into view.
You feel a little less clever now.
The leopard gecko moves out of view.
Items here: ) †††† a club; a giant cockroach corpse; a hobgoblin corpse; a jackal corpse x2
A rat comes into view.
The frilled lizard misses you.
Items here: ) †††† a club; a giant cockroach corpse; a hobgoblin corpse; a jackal corpse x2
You barely miss the frilled lizard. The frilled lizard barely misses you.
You closely miss the frilled lizard. You claw the frilled lizard.
You kill the frilled lizard!
Wield which item (- for none, * to show all)? (? for menu, Esc to quit)
c - a book of Changes (in hand)
You swing at nothing.
You swing at nothing.
Your transformation is almost over.
You swing at nothing.
You swing at nothing.
You swing at nothing.
You swing at nothing.
You swing at nothing.
Your talons disappear.
You swing at nothing.
The leopard gecko hisses angrily.
You see here 10 gold pieces.
You now have 10 gold pieces.
Casting: Beastly Appendage
Confirm with . or Enter, or press ? or * to list all spells.
You miscast Sticks to Snakes.
You are very lightly contaminated with residual magic.
Nothing appears to happen.
Casting: Sticks to Snakes
Confirm with . or Enter, or press ? or * to list all spells.
You create a snake!
You now have 6 arrows.
The rat bites you.
* * * LOW HITPOINT WARNING * * *
The leopard gecko bites you but does no damage.
Casting: Sticks to Snakes
Confirm with . or Enter, or press ? or * to list all spells.
Your feet morph into talons.
The leopard gecko bites you.
* * * LOW HITPOINT WARNING * * *
The rat closely misses you.
Your ball python bites the rat.
Your ball python misses the rat.
The leopard gecko bites you.
You die...

# # ..# #?# #.# #. #.
#..####.###)#
#..#.#####...........#
............####.##...#
#........... #l#.#.#.#
#....w....# #..##.##.#
#S# #.....# #.#
#r#######..##.# ##
#.@l†.......#.#
#########b.....#
......## ....$.#
#.....## ##((.## ##.##
.# ##


You could see a leopard gecko, a bat, a rat and a friendly ball python.

Vanquished Creatures
  3 bats
  2 giant cockroaches (D:1)
  3 goblins (D:1)
  3 hobgoblins (D:1)
  6 jackals (D:1)
  A kobold (D:1)
  2 frilled lizards (D:1)
  A rat (D:2)
21 creatures vanquished.

Vanquished Creatures (collateral kills)
  A giant cockroach (D:1)
1 creature vanquished.

Grand Total: 22 creatures vanquished

Notes
Turn   | Place    | Note
-------+----------+-------------------------------------------
     0 | D:1      | tidbits the Barachi Transmuter began the quest for the Orb.
     0 | D:1      | Reached XP level 1. HP: 15/15 MP: 3/3
   380 | D:1      | Reached XP level 2. HP: 7/21 MP: 2/5
   567 | D:1      | Learned a level 2 spell: Sticks to Snakes
   613 | D:1      | HP: 2/21 [jackal (2)]
   624 | D:1      | Reached skill level 3 in Transmutations
   627 | D:1      | HP: 1/21 [jackal (1)]
   629 | D:1      | Reached XP level 3. HP: 2/26 MP: 1/7
   632 | D:1      | Reached skill level 3 in Spellcasting
   641 | D:1      | Learned a level 3 spell: Spider Form
   673 | D:1      | HP: 2/26 [leopard gecko (2)]
   674 | D:1      | Slain by a leopard gecko

Skill      XL: |  1  2  3 |
---------------+----------+-----
Transmutations | 3 |  3.1
Spellcasting   | 3 |  3.0
Fighting       | |  1.2
Dodging        | |  2.1
Unarmed Combat | |  3.2

Action                   || total
-------------------------++-------
Melee: Unarmed           ||    75
       Kick              ||    14
       Punch             ||     1
       Headbutt          ||     1
 Cast: Beastly Appendage ||    15
       Sticks to Snakes  ||     6
  Use: Potion            ||     2
       Scroll            ||     1
 Stab: Sleeping          ||     1
  Eat: Ration            ||     1
Armor: Robe              ||    32
Dodge: Dodged            ||   102

Table legend:
 A = Turns spent in this place as a percentage of turns spent in the entire game.
 B = Non-inter-level travel turns spent in this place as a percentage of non-inter-level travel turns spent in the entire game.
 C = Inter-level travel turns spent in this place as a percentage of turns spent in this place.
 D = Turns resting spent in this place as a percentage of non-inter-level travel turns spent in this place.
 E = Turns spent auto-exploring this place as a percentage of non-inter-level travel turns spent in this place.
 F = Non-inter-level travel turns spent in this place divided by the number of levels of this place that you've seen.
                   A       B       C       D       E      F
               +-------+-------+-------+-------+-------+----------------------
         Total | 100.0 | 100.0 |   7.6 |   0.0 |   3.5 | 311.5
       Dungeon | 100.0 | 100.0 |   7.6 |   0.0 |   3.5 | 311.5
               +-------+-------+-------+-------+-------+----------------------

Table legend:
 A = Kills in this place as a percentage of kills in entire the game.
 B = Kills by you in this place as a percentage of kills by you in the entire game.
 C = Kills by friends in this place as a percentage of kills by friends in the entire game.
 D = Other kills in this place as a percentage of other kills in the entire game.
 E = Experience gained in this place as a percentage of experience gained in the entire game.
 F = Experience gained in this place divided by the number of levels of this place that you have seen.
                   A       B       C       D       E      F
               +-------+-------+-------+-------+-------+----------------------
         Total | 100.0 | 100.0 | 100.0 |   N/A | 100.0 |  20.0
       Dungeon | 100.0 | 100.0 | 100.0 |   N/A | 100.0 |  20.0
               +-------+-------+-------+-------+-------+----------------------

Vault maps used:
D:1:      dpeg_arrival_signposts
D:2:      nicolae_overflow_hidden_temple, lemuel_round_altar,
          amethyst_overflow_temple_binary
